 Dungeon Crawl Stone Soup version 0.22.1-2-g9c5b331 (webtiles) character file.

201 Fang the Chopper (level 5, -9/51 HPs)
             Began as a Gargoyle Berserker on Dec 17, 2018.
             Was a Priest of Trog.
             Mangled by an ogre
             ... wielding a +0 giant club
              (14 damage)
             ... on level 4 of the Dungeon.
             The game lasted 00:02:57 (2718 turns).

Fang the Chopper (Gargoyle Berserker)               Turns: 2718, Time: 00:02:57

Health: -9/51      AC: 15    Str: 26    XL:     5   Next: 79%
Magic:  5/5        EV:  7    Int:  8    God:    Trog [***...]
Gold:   147        SH:  0    Dex:  9    Spells: 4/4 levels left

rFire    + . .     SeeInvis .   a - +0 hand axe
rCold    . . .     Gourm    .   (no shield)
rNeg     + . .     Faith    .   d - +0 plate armour
rPois    ∞         Spirit   .   (no helmet)
rElec    +         Reflect  .   (no cloak)
rCorr    .         Harm     .   (no gloves)
MR       .....                  (no boots)
Stlth    ..........             (no amulet)
HPRegen  0.17/turn              q - ring of attention (curse)
MPRegen  0.09/turn              r - ring of protection from fire

@: berserking, very quick
A: negative energy resistance 1, electricity resistance, unbreathing,
petrification resistance, rot immunity, AC +4
a: Berserk, Trog's Hand, Renounce Religion


You were on level 4 of the Dungeon.
You worshipped Trog.
Trog was most pleased with you.
You were near starving.

You visited 1 branch of the dungeon, and saw 4 of its levels.

You collected 147 gold pieces.

Inventory:

Hand Weapons
 a - a +0 hand axe (weapon)
Armour
 d - a +0 plate armour (worn)
Jewellery
 q - a cursed ring of attention (left hand)
 r - a ring of protection from fire (right hand)
Scrolls
 e - 2 scrolls of enchant armour {unknown}
 f - 2 scrolls of magic mapping {unknown}
 h - 6 scrolls of identify {unknown}
 i - a scroll of fear {unknown}
 k - 2 scrolls of enchant weapon {unknown}
 l - 3 scrolls of remove curse {unknown}
 p - 3 scrolls of teleportation {unknown}
 u - a scroll of fog {unknown}
 v - a scroll of random uselessness {unknown}
 w - a scroll of amnesia {unknown}
Potions
 b - 4 potions of heal wounds {unknown}
 g - a potion of magic {unknown}
 j - a potion of might {unknown}
 m - a potion of degeneration {unknown}
 n - a potion of invisibility {unknown}
 o - 2 potions of curing {unknown}
 s - a potion of berserk rage {unknown}
 t - a potion of agility {unknown}
Comestibles
 c - 6 rations


   Skills:
 + Level 4.4 Fighting
 + Level 4.5 Axes
 + Level 3.2 Armour
 + Level 1.7 Dodging
 + Level 0.9 Stealth


You had 4 spell levels left.
You didn't know any spells.
Your spell library was empty.

Dungeon Overview and Level Annotations

Branches:
Dungeon (4/15)
 Temple: D:4-7

Altars:
Ashenzari
Hepliaklqana
Ru
Sif Muna
Vehumet
Xom
Yredelemnul
Zin
The Shining One


Innate Abilities, Weirdness & Mutations

You are resistant to torment.
Your stone body is resilient. (AC +4)
You are immune to poison.
You resist negative energy. (rN+)
You are resistant to electric shocks. (rElec)
You can survive without breathing.
You are immune to petrification.
You are immune to rotting.


Message History

You closely miss the worker ant. The worker ant barely misses you.
The ogre hits you with a giant club!
* * * LOW HITPOINT WARNING * * *
The worker ant bites you.
* * * LOW HITPOINT WARNING * * *
A red film seems to cover your vision as you go berserk!
You feel yourself moving faster!
You feel mighty!
You are near starving!
The ogre hits you with a giant club.
* * * LOW HITPOINT WARNING * * *
The worker ant bites you but does no damage.
You completely miss the ogre.
The ogre is almost dead.
You hit the worker ant.
The worker ant bites you but does no damage.
Unknown command.
Your plate armour prevents you from hitting the ogre.
The ogre is almost dead.
You barely miss the worker ant. The ogre hits you with a giant club!
You die...

#...##≈≈§ #....##§
#.....## ≈#
#...(..##≈§≈#
#.......## §§##
#...?....# ≈≈≈##
#.aO...... ≈≈≈####
#'@# ########≈≈≈..#
#.(###........§≈#.#
#.................#
######.....###.#.##
#.....# #.#.#
####### #.#.# #.#.#
#.#.# #.#.##


You could see an ogre and a worker ant.

Vanquished Creatures
  A howler monkey (D:3)
  6 adders
  An ooze (D:3)
  4 worms
  2 dart slugs
  2 leopard geckos
  2 orcs
  2 ball pythons
  10 bats
  A giant cockroach (D:3)
  8 goblins
  12 hobgoblins
  12 jackals
  A quokka (D:3)
  5 frilled lizards
  2 gnoll zombies (D:2)
  7 kobolds
  A quokka skeleton (D:4)
  5 rats
84 creatures vanquished.

Vanquished Creatures (others)
  5 toadstools (D:1)
5 creatures vanquished.

Grand Total: 89 creatures vanquished

Notes
Turn   | Place    | Note
-------+----------+-------------------------------------------
     0 | D:1      | Fang the Gargoyle Berserker began the quest for the Orb.
     0 | D:1      | Reached XP level 1. HP: 14/14 MP: 1/1
    61 | D:1      | Reached XP level 2. HP: 8/19 MP: 2/2
   701 | D:1      | Reached XP level 3. HP: 24/24 MP: 3/3
   780 | D:2      | Reached ** piety under Trog
   941 | D:2      | Found a glowing golden altar of the Shining One.
   967 | D:2      | Reached XP level 4. HP: 23/29 MP: 4/4
   968 | D:2      | Found a radiant altar of Vehumet.
   968 | D:2      | Found a sacrificial altar of Ru.
   968 | D:2      | Found a deep blue altar of Sif Muna.
  1129 | D:2      | Found a basalt altar of Yredelemnul.
  1325 | D:2      | Found a hazy altar of Hepliaklqana.
  1688 | D:3      | Reached *** piety under Trog
  1870 | D:3      | Reached XP level 5. HP: 31/33 MP: 5/5
  2093 | D:3      | Noticed an angel
  2095 | D:3      | Found a shimmering altar of Xom.
  2096 | D:3      | Found a glowing silver altar of Zin.
  2429 | D:3      | Found a shattered altar of Ashenzari.
  2707 | D:4      | Noticed an ogre
  2718 | D:4      | Mangled by an ogre

Skill      XL: |  1  2  3  4  5 |
---------------+----------------+-----
Axes           | 3 4 |  4.5
Fighting       | 4 |  4.4
Armour         | 3 |  3.2
Dodging        | |  1.7
Stealth        | |  0.9

Action                   |  1- 3 |  4- 6 || total
-------------------------+-------+-------++-------
Melee: Hand axe          |   114 |   187 ||   301
Invok: Berserk           |     1 |     1 ||     2
  Eat: Chunk             |     1 |     5 ||     6
Armor: Animal skin       |     5 |       ||     5
       Plate armour      |    90 |   145 ||   235
Dodge: Dodged            |    42 |    72 ||   114
